 Dungeon Crawl Stone Soup version 0.30-b1-2-g02819fbbbe (webtiles) character file.

Game seed: 14835617897301506912

18960 LLlMATKO the Fighter (level 12, -11/165 HPs)
             Began as a Minotaur Berserker on May 8, 2023.
             Was a High Priest of Trog.
             Mangled by Rupert
             ... wielding a +3 heavy great sword
              (30 damage)
             ... on level 12 of the Dungeon.
             The game lasted 00:13:20 (11893 turns).

LLlMATKO the Fighter (Minotaur Berserker)          Turns: 11893, Time: 00:13:20

Health: -11/165    AC: 18    Str: 25    XL:     12   Next: 32%
Magic:  11/11      EV: 15    Int:  4    God:    Trog [*****.]
Gold:   670        SH:  8    Dex: 12    Spells: 11/11 levels left

rFire   . . .        a - +1 hand axe (heavy)
rCold   . . .        S - +0 kite shield
rNeg    . . .        U - +0 plate armour
rPois   .            A - +0 hat
rElec   .            q - +2 cloak {Will+}
rCorr   .            (no gloves)
SInv    .            (no boots)
Will    +....        u - amulet of the acrobat Stlth
                     m - ring of flight
HPRegen 0.47/turn    o - +5 ring of evasion
MPRegen 0.12/turn

%: acrobat
@: berserking, flying, very quick
A: horns 2, retaliatory headbutt
a: Renounce Religion, Berserk, Trog's Hand, Brothers in Arms


You were on level 12 of the Dungeon.
You worshipped Trog.
Trog was extremely pleased with you.
You visited 1 branch of the dungeon, and saw 12 of its levels.
You also visited: Sewer.

You collected 760 gold pieces.
You spent 90 gold pieces at shops.

Inventory:

Hand Weapons
 a - a +1 heavy hand axe (weapon)
 l - a +0 sling
Missiles
 g - 16 boomerangs (quivered)
 t - 36 poisoned darts
 Q - 3 javelins
Armour
 q - a +2 cloak of willpower (worn)
 A - a +0 hat (worn)
 S - a +0 kite shield (worn)
 U - a +0 plate armour (worn)
Jewellery
 m - a ring of flight (left hand)
 o - a +5 ring of evasion (right hand)
 u - an amulet of the acrobat (around neck)
 D - a +4 ring of slaying
 H - a ring of see invisible
 K - a ring of protection from cold
 N - a +4 ring of protection
Wands
 s - a wand of mindburst (6)
 w - a wand of flame (12)
 z - a wand of digging (14)
 I - a wand of iceblast (25)
 P - a wand of polymorph (3)
Scrolls
 i - 12 scrolls of identify
 k - a scroll of acquirement {unknown}
 r - 2 scrolls of poison {unknown}
 y - a scroll of brand weapon
 E - 2 scrolls of enchant weapon
 F - a scroll of fog
 J - a scroll of silence {unknown}
 L - a scroll of magic mapping
 O - 5 scrolls of teleportation
 R - a scroll of torment {unknown}
 T - a scroll of enchant armour
Potions
 b - 6 potions of might
 c - a potion of mutation
 d - 3 potions of invisibility {unknown}
 e - 2 potions of magic {unknown}
 f - 6 potions of heal wounds {unknown}
 h - 6 potions of haste
 j - 2 potions of attraction {unknown}
 n - a potion of resistance {unknown}
 p - 3 potions of lignification {unknown}
 v - 3 potions of flight {unknown}
 x - 6 potions of curing {unknown}
 B - a potion of ambrosia {unknown}
 C - a potion of cancellation {unknown}
 G - 3 potions of brilliance {unknown}
 M - a potion of berserk rage {unknown}


   Skills:
 + Level 11.6 Fighting
 + Level 11.5 Axes
 + Level 9.9 Ranged Weapons
 + Level 11.3 Armour
 + Level 10.3 Dodging
 + Level 3.0 Shields


You had 11 spell levels left.
You didn't know any spells.
Your spell library was empty.

Dungeon Overview and Level Annotations

Branches:
Dungeon (12/15)            Temple (0/1) D:4            Lair (0/5) D:8
    Orc (0/2) D:10          Sewer (visited)

Altars:
Dithmenos
Elyvilon
Fedhas
Hepliaklqana
Kikubaaqudgha
Makhleb
Nemelex Xobeh
Okawaru
Trog
Uskayaw
Vehumet
Xom
Yredelemnul

Shops:
D:3 !   D:7 ?[   D:9 [   D:10 *

Annotations:
D:6 2 transporters, HoaS's ghost, novice TeHu
D:12 Rupert


Innate Abilities, Weirdness & Mutations

You have a pair of horns on your head.
You reflexively headbutt those who attack you in melee.


Message History

There is an open door here.
You reach down and open the door.
Found a stone staircase leading down.
There is an open door here.
You see here 6 stones.
You reach down and open the door.
There is an open door here.
There is an open door here.
k - a scroll labelled FEQYTZ DOCA You reach down and open the door.
There is an open door here.
Rupert the Wild comes into view.
He is wielding a +3 heavy great sword.
Found a stone staircase leading up.
Rupert roars madly and goes into a rage!
Rupert goes berserk!
Rupert completely misses you. You furiously retaliate!
You headbutt Rupert.
A red film seems to cover your vision as you go berserk!
You feel yourself moving faster!
You feel mighty! Rupert completely misses you.
You slice Rupert!!
Rupert is lightly wounded.
Rupert hits you with a +3 heavy great sword!!!
You barely miss Rupert. You headbutt Rupert!
Rupert is lightly wounded.
You block Rupert's attack.
You hit Rupert but do no damage.
Rupert is lightly wounded.
You slice Rupert!!
Rupert is moderately wounded.
Rupert hits you with a +3 heavy great sword!!!
You slash Rupert!
Rupert is moderately wounded.
Rupert hits you with a +3 heavy great sword!
You barely miss Rupert. You headbutt Rupert!!
Rupert is heavily wounded.
Rupert hits you with a +3 heavy great sword!!!
* * * LOW HITPOINT WARNING * * *
You barely miss Rupert. You headbutt Rupert!
Rupert is heavily wounded.
Rupert hits you with a +3 heavy great sword!!
You die...

#.................#####
.....
#......................
.....
####......................
.....
....†.....########........
..... ..........#
#........ .....
..........# #........
..... ..........#
#........ ....>
..........########........
.....
.<..............@......###
##...
...............@.......#
#...
..##########.<.........#
#... .. #...........# #...
#...........# #..
#..########## #. ###


You could see Rupert (berserk).

Vanquished Creatures
  4 two-headed ogres
  A catoblepas (D:12)
  Amaemon (D:10)
  Pikel (D:9)
  A cyclops (D:12)
  Joseph (D:9)
  A manticore (D:11)
  The ghost of Rayvis the Chopper, a novice MiFi (D:5)
  An orange demon (D:10)
  4 gargoyles
  4 kobold demonologists
  2 unseen horrors
  4 trolls
  Sigmund (D:8)
  2 wraiths
  3 shadows (D:10)
  3 wyverns
  11 yaks
  A steam dragon (D:8)
  5 vampire mosquitoes
  3 wargs (D:8)
  2 acid dragons
  A water moccasin (D:9)
  2 ice beasts
  2 sky beasts (D:7)
  A hornet zombie (D:5)
  7 orc warriors
  An ogre (D:4)
  6 centaurs
  2 lemures (D:9)
  3 kobold brigands
  4 bullfrogs
  2 scorpions
  19 wights
  4 killer bees (D:10)
  2 electric eels (D:11)
  8 howler monkeys
  A bullfrog zombie (D:5)
  A gnoll bouda (D:10)
  2 hounds
  7 jellies
  11 orc priests
  A sleepcap (D:4)
  2 iguanas
  12 orc wizards
  4 adders
  4 gnolls (D:8)
  A shadow imp (D:6)
  2 white imps
  4 worms
  2 dart slugs
  48 orcs
  12 ball pythons
  3 bats
  11 endoplasms
  6 giant cockroaches
  8 hobgoblins
  5 jackals
  7 quokkas
  5 frilled lizards
  7 goblins
  17 kobolds
  9 rats
313 creatures vanquished.

Vanquished Creatures (others)
  Maurice (D:9)
  4 bushes (D:9)
  A butterfly (D:9)
  7 plants
13 creatures vanquished.

Grand Total: 326 creatures vanquished

Notes
Turn   | Place    | Note
-------+----------+-------------------------------------------
     0 | D:1      | LLlMATKO the Minotaur Berserker began the quest for the
                  | Orb.
     0 | D:1      | Reached XP level 1. HP: 19/19 MP: 0/0
   208 | D:1      | Reached XP level 2. HP: 27/27 MP: 1/1
   208 | D:1      | Found a faded altar of an unknown god.
   774 | D:2      | Reached XP level 3. HP: 22/33 MP: 2/2
   996 | D:2      | Found a shimmering altar of Xom.
  1411 | D:3      | Reached ** piety under Trog
  1618 | D:3      | Found Hyufuur's Distillery.
  2091 | D:3      | Found Hyufuur's Distillery.
  2441 | D:4      | Reached skill level 1 in Ranged Weapons
  2441 | D:4      | Reached XP level 4. HP: 41/41 MP: 3/3
  2454 | D:4      | Found a hide-covered altar of Uskayaw.
  2461 | D:4      | Noticed a +0 dagger
  2461 | D:4      | Noticed a +0 dagger
  2469 | D:4      | Reached XP level 5. HP: 31/47 MP: 4/4
  2473 | D:4      | Reached skill level 5 in Fighting
  2473 | D:4      | Reached XP level 6. HP: 37/56 MP: 5/5
  2474 | D:4      | Reached skill level 5 in Axes
  2583 | D:4      | Found a staircase to the Ecumenical Temple.
  2699 | D:4      | Reached XP level 7. HP: 21/61 MP: 6/6
  2853 | D:4      | Found a glowing drain.
  2857 | Sewer    | Entered a sewer
  2921 | Sewer    | Reached *** piety under Trog
  3013 | Sewer    | Reached skill level 5 in Armour
  3026 | Sewer    | Found a viscous altar of Jiyva.
  3287 | D:4      | You are sucked into a shaft and drop 2 floors!
  3306 | D:6      | Found a large runed translucent door.
  3309 | D:6      | Found a large runed translucent door.
  3362 | D:6      | Found a transporter.
  3365 | D:6      | Noticed a manticore
  3365 | D:6      | Noticed HoaS's ghost (novice TeHu)
  3366 | D:6      | Found a transporter.
  3582 | D:5      | Entered Level 5 of the Dungeon
  4080 | D:5      | Found a runed translucent gate.
  4080 | D:5      | Found a runed translucent gate.
  4080 | D:5      | Found a runed translucent gate.
  4080 | D:5      | Noticed Rayvis's ghost (novice MiFi)
  4082 | D:5      | Found a basalt altar of Yredelemnul.
  4165 | D:5      | Reached skill level 5 in Dodging
  4165 | D:5      | Reached XP level 8. HP: 28/70 MP: 7/7
  4355 | D:5      | Found a radiant altar of Vehumet.
  4355 | D:5      | Found an iron altar of Okawaru.
  4355 | D:5      | Found a shimmering altar of Xom.
  4355 | D:5      | Found a shadowy altar of Dithmenos.
  4682 | D:5      | Killed Rayvis's ghost
  5229 | D:6      | Reached skill level 5 in Ranged Weapons
  5548 | D:6      | Found a blossoming altar of Fedhas.
  5556 | D:6      | Found a bloodstained altar of Trog.
  5690 | D:7      | Reached XP level 9. HP: 79/79 MP: 8/8
  5798 | D:7      | Reached **** piety under Trog
  6130 | D:7      | Found Indra's Dragon-Slaying Spoils.
  6202 | D:7      | Found Neatocen's Magic Scroll Shoppe.
  6208 | D:7      | Bought a scroll of magic mapping for 90 gold pieces
  6728 | D:8      | Found a staircase to the Lair.
  6754 | D:8      | Noticed Sigmund
  6769 | D:8      | Killed Sigmund
  6801 | D:8      | Noticed a two-headed ogre
  7029 | D:8      | Killed a two-headed ogre
  7030 | D:8      | Reached XP level 10. HP: 56/90 MP: 9/9
  7174 | D:8      | Reached ***** piety under Trog
  7764 | D:9      | Noticed a two-headed ogre
  7773 | D:9      | Killed a two-headed ogre
  7936 | D:9      | Noticed Pikel
  7950 | D:9      | Killed Pikel
  8043 | D:9      | Found a white marble altar of Elyvilon.
  8251 | D:9      | Noticed Maurice
  8252 | D:9      | Noticed Joseph
  8253 | D:9      | Found Ligitiff's Armour Boutique.
  8262 | D:9      | Found a sparkling altar of Nemelex Xobeh.
  8278 | D:9      | Killed Maurice
  8285 | D:9      | Killed Joseph
  8589 | D:9      | Reached XP level 11. HP: 99/99 MP: 10/10
  8719 | D:9      | Found an ancient bone altar of Kikubaaqudgha.
  8798 | D:10     | Entered Level 10 of the Dungeon
  8814 | D:10     | Reached skill level 10 in Fighting
  8814 | D:10     | Reached skill level 10 in Axes
  8870 | D:10     | Reached skill level 10 in Armour
  8898 | D:10     | Noticed a two-headed ogre
  8905 | D:10     | Killed a two-headed ogre
  9377 | D:10     | Noticed a two-headed ogre
  9385 | D:10     | Killed a two-headed ogre
  9409 | D:10     | Found a staircase to the Orcish Mines.
  9670 | D:10     | Found a burning altar of Makhleb.
  9670 | D:10     | Noticed a balrug
  9740 | D:10     | Received a gift from Trog
  9770 | D:10     | Found Zerchuon's General Store.
  9794 | D:10     | Found a hazy altar of Hepliaklqana.
  9795 | D:10     | Noticed Amaemon
  9809 | D:10     | Killed Amaemon
 10160 | D:11     | Reached skill level 10 in Dodging
 10160 | D:11     | Reached skill level 1 in Shields
 10160 | D:11     | Reached XP level 12. HP: 110/110 MP: 11/11
 11670 | D:12     | Noticed a catoblepas
 11681 | D:12     | Killed a catoblepas
 11883 | D:12     | Noticed Rupert
 11893 | D:12     | Mangled by Rupert

Illustrated notes

Levels and vault maps discovered:
D:1:      psy_arrival_spokes, layout_loops_ring,
          hellmonk_ecumenical_altar_lost_god, supply_closet_lemuel
D:2:      layout_loops_ring, basic_altar
D:3:      layout_rooms, serial_shops, nicolae_shop_hallway_plus
D:4:      layout_loops_ring, dancing_weapons_uskayaw,
          minmay_temple_entry_glassed_door, gup_sewer_entry_spiral
D:5:      layout_rooms, nicolae_yredelemnul_ghost_church,
          grunt_temple_overflow_cloverleaf
D:6:      layout_basic, jmf_multi_god_temple2, gammafunk_ghost_arena
D:7:      layout_loops_ring, serial_shops, shop, serial_park_tiny_2,
          nicolae_shop_dragon_depot
D:8:      layout_rooms, erik_lair_orcish_takeover, sigmund_army
D:9:      layout_rooms, nemelex_spade_bored_becter,
          mainiacjoe_overflow_brackets, nicolae_elyvilon_peaceful_grove,
          serial_shops, shop, uniq_joseph, uniq_pikel, uniq_maurice
D:10:     layout_roguey, makhleb_altar_promises_db,
          nicolae_hepliaklqana_hazy_memory, orc_0_dummy, serial_shops,
          shop_fountains, onia_ninara_cookie, uniq_amaemon
D:11:     layout_roguey, serial_corexii_hall, corexii_hall_statues_l,
          corexii_hall_statues_x, chequers_hall_statues_y, water_maze_lemuel
D:12:     layout_irregular_city, uniq_rupert

Skill      XL: |  1  2  3  4  5  6  7  8  9 10 11 12 |
---------------+-------------------------------------+-----
Fighting       | 4 5 6 7 8 9 11 | 11.6
Axes           | 4 5 6 7 8 9 11 | 11.5
Armour         | 3 4 5 6 8 9 10 11 | 11.3
Ranged Weapons | 1 2 3 4 5 6 8 9 |  9.9
Dodging        | 3 4 5 6 7 8 10 | 10.3
Shields        | 1 3 |  3.0

Action                     |  1- 3 |  4- 6 |  7- 9 | 10-12 || total
---------------------------+-------+-------+-------+-------++-------
  Melee: Hand axe          |    93 |    40 |   252 |   324 ||   709
         Headbutt          |    13 |     6 |    43 |    77 ||   139
         Punch             |       |       |     2 |     2 ||     4
  Throw: Boomerang         |    11 |       |       |     1 ||    12
         Dart              |       |       |       |     4 ||     4
 Invoke: Berserk           |       |       |     4 |     9 ||    13
         Trog's Hand       |       |       |     1 |       ||     1
    Use: Scroll            |       |    11 |     3 |     1 ||    15
 Armour: Animal skin       |     1 |       |       |       ||     1
         Ring mail         |    21 |    10 |     4 |       ||    35
         Chain mail        |       |       |    71 |   104 ||   175
         Plate armour      |       |       |       |     7 ||     7
  Dodge: Dodged            |    66 |    40 |   257 |   328 ||   691
  Block: Kite shield       |       |       |       |    39 ||    39
